cohdb
Replays
Latest Replays
All Replays
Popular Replays
Top Player Replays
Match Explorer
How It Works
Community
CoH3 Stats
Reddit
Sign in to upload your games and track your stats! →
Sign in with Steam
Match 41911064
Unlisted
Match 41911064
Overview
Messages
Build Orders
End
Pioneer Squad
Construct Infanterie Kompanie
MG 42 Machine Gun Team
GrW 34 Mortar Team
Grenadier Squad
MG 42 Machine Gun Team
Construct Panzergrenadier Kompanie
Selects Mechanized Battlegroup
Panzergrenadier Squad
251 Medium Carrier
251 Medium Carrier
Panzergrenadier Officer Quarters
Selects Raid Package
Panzergrenadier Squad
Support Elements
Selects StuG Assault Group
StuG Assault Group
Selects Mobile Repair Stations
StuG III G Assault Gun
Selects Wespe Self-propelled Artillery
Wespe Self-propelled Artillery
Selects UNKNOWN (2160084)
Selects Mechanized Assault
dropdead0811
Voodoo408
999
Asuka
(◕‿◕)
W呆橘子W
Good bye
MightyOstrich
0
0
Comments
sign in to comment!
No comments posted yet!